 Dungeon Crawl Stone Soup version 0.28.0-53-g5a82cb258f (webtiles) character file.

Game seed: 5634070077171330825

72 Sin92 the Chiller (level 4, -7/31 HPs)
             Began as a Demonspawn Ice Elementalist on July 12, 2022.
             Mangled by a phantom (8 damage)
             ... on level 3 of the Dungeon.
             The game lasted 00:01:46 (2611 turns).

Sin92 the Chiller (Demonspawn Ice Elementalist)     Turns: 2611, Time: 00:01:46

Health: -7/31      AC:  2    Str:  7 (10) XL:     4   Next: 6%
Magic:  0/7        EV: 12    Int: 15 (17) God:
Gold:   91         SH:  0    Dex: 11 (13) Spells: 6/7 levels left

rFire   . . .      SeeInvis .   c - +0 whip
rCold   . . .      Faith    .   (no shield)
rNeg    . . .      Spirit   .   a - +0 robe
rPois   .          Reflect  .   (no helmet)
rElec   .          Harm     .   (no cloak)
rCorr   .          Rampage  .   (no gloves)
Will    .....                   (no boots)
Stlth   ++........              (no amulet)
HPRegen 0.10/turn               (no ring)
MPRegen 0.10/turn               (no ring)

@: no status effects
A: demonic touch 2
a: no special abilities


You were on level 3 of the Dungeon.
You visited 1 branch of the dungeon, and saw 3 of its levels.

You collected 91 gold pieces.

Inventory:

Hand Weapons
 c - a +0 whip (weapon)
Armour
 a - a +0 robe (worn)
Scrolls
 e - a scroll of amnesia {unknown}
 g - a scroll of fog {unknown}
 h - a scroll of enchant weapon {unknown}
 i - a scroll of identify {unknown}
 j - a scroll of blinking {unknown}
 l - a scroll of enchant armour {unknown}
Potions
 d - a potion of degeneration


   Skills:
 + Level 0.9 Fighting
 * Level 1.3 Maces & Flails
 + Level 1.1 Armour
 + Level 2.1 Dodging
 + Level 2.2 Stealth
 + Level 2.2 Spellcasting
 + Level 3.8 Ice Magic


You had 6 spell levels left.
You knew the following spells:

 Your Spells              Type           Power      Damage    Failure   Level
a - Freeze                Ice            52%        1d7       4%          1

Your spell library contained the following spells:

 Spells                   Type           Power      Damage    Failure   Level
 Frozen Ramparts          Ice            26%        1d4       14%         3
 Ozocubu's Armour         Ice            13%        N/A       14%         3
 Hailstorm                Conj/Ice       7%         3d4       69%         4


Dungeon Overview and Level Annotations

Branches:
Dungeon (3/15)

Altars:


Innate Abilities, Weirdness & Mutations

Your touch may inflict irresistible damage on your foes.


Message History

The phantom closely misses you.
Aiming: Freeze (safe; 4% risk of failure)
Press: ? - help, Q - select action Shift-Dir - straight line, f/p - phantom
Aim: a phantom (lightly damaged)
You freeze the phantom.
The phantom resists.
The phantom is lightly damaged.
The phantom completely misses you.
Unknown command.
Aiming: Freeze (safe; 4% risk of failure)
Press: ? - help, Q - select action Shift-Dir - straight line, f/p - phantom
Aim: a phantom (lightly damaged)
You freeze the phantom.
The phantom resists.
The phantom is lightly damaged.
The phantom hits you.
* * * LOW HITPOINT WARNING * * *
Unknown command.
It was a potion of might.
You feel very mighty all of a sudden. The phantom hits you.
* * * LOW HITPOINT WARNING * * *
It was a potion of degeneration.
There was something very wrong with that liquid.
You feel weakened.
You feel dopey.
You feel clumsy. The phantom hits you.
* * * LOW HITPOINT WARNING * * *
It was a potion of invisibility.
You fade into invisibility!
The phantom closely misses you.
It was a potion of cancellation.
Your magical effects are unravelling.
You feel magically purged.
You flicker back into view.
You feel a little less mighty now. The phantom barely misses you.
You closely miss the phantom. Your touch misses the phantom.
The phantom is lightly damaged.
The phantom barely misses you.
You barely miss the phantom.
The phantom is lightly damaged.
The phantom hits you!
You die...

.# #.# #.# ##.#
..# # # #.#
#.###
#.###.###...S>.
#...@W....#
#......##...#
#.###..##.#.#
#.#...........
#.#.#######.# #
#.#.####
#...##..
#...##.# #
###.##.# .#


You could see a phantom.

Vanquished Creatures
  3 adders
  2 worms (D:2)
  A dart slug (D:2)
  3 ball pythons
  2 endoplasms
  3 giant cockroaches
  4 goblins
  2 hobgoblins (D:1)
  6 kobolds
  2 quokkas
  3 bats (D:1)
  2 frilled lizards
  A rat (D:2)
34 creatures vanquished.

Vanquished Creatures (others)
  6 plants (D:1)
  8 withered plants (D:1)
14 creatures vanquished.

Grand Total: 48 creatures vanquished

Notes
Turn   | Place    | Note
-------+----------+-------------------------------------------
     0 | D:1      | Sin92 the Demonspawn Ice Elementalist began the quest for
                  | the Orb.
     0 | D:1      | Reached XP level 1. HP: 13/13 MP: 3/3
   336 | D:1      | Gained mutation: Your touch may inflict minor irresistible
                  | damage on your foes. [demonic ancestry]
   336 | D:1      | Reached XP level 2. HP: 10/19 MP: 3/5
  1102 | D:1      | Found a faded altar of an unknown god.
  1589 | D:2      | Reached skill level 1 in Maces & Flails
  1589 | D:2      | Gained mutation: Your touch may inflict irresistible damage
                  | on your foes. [demonic ancestry]
  1589 | D:2      | Reached XP level 3. HP: 13/25 MP: 6/6
  2083 | D:2      | Reached skill level 1 in Armour
  2499 | D:3      | Reached XP level 4. HP: 28/31 MP: 5/7
  2590 | D:3      | Noticed a phantom
  2607 | D:3      | HP: 1/31 [phantom (4)]
  2611 | D:3      | Mangled by a phantom

Illustrated notes

Levels and vault maps discovered:
D:1:      erik_arrival_blinker_ship, layout_basic,
          shapermc_ecumenical_altar_flowoftime, serial_forest,
          infiniplex_forest_straight_4, infiniplex_forest_lined_3,
          infiniplex_forest_clump_small, infiniplex_forest_zigzag_1,
          infiniplex_forest_clump_double, infiniplex_forest_join
D:2:      layout_loops_ring
D:3:      cheibrodos_thug_alley, layout_loops_ring, roderic_nine_men_s_morris

Skill      XL: |  1  2  3 |
---------------+----------+-----
Stealth        | 2 |  2.2
Maces & Flails | 1 |  1.3
Dodging        | 2 |  2.1
Armour         | 1 |  1.1
Fighting       | |  0.9
Spellcasting   | |  2.2
Ice Magic      | |  3.8

Action                   |  1- 3 |  4- 6 || total
-------------------------+-------+-------++-------
Melee: Unarmed           |    11 |       ||    11
       Whip              |    74 |     9 ||    83
       Touch             |    12 |       ||    12
       Punch             |     3 |       ||     3
 Cast: Freeze            |    15 |     8 ||    23
  Use: Potion            |       |     4 ||     4
 Stab: Sleeping          |     8 |       ||     8
Armor: Robe              |     6 |     1 ||     7
Dodge: Dodged            |    50 |    10 ||    60
